 Dungeon Crawl Stone Soup version 0.22-a0-362-g535178c (webtiles) character file.

931 Amnesiac the Merchant of Misery (level 7, -7/52 HPs)
             Began as a Mummy Necromancer on Apr 20, 2018.
             Was a Believer of Kikubaaqudgha.
             Mangled by a gnoll sergeant
             ... wielding a +3 trident of piercing
              (12 damage)
             ... on level 6 of the Dungeon.
             The game lasted 00:07:26 (4143 turns).

Amnesiac the Merchant of Misery (Mummy Necromancer) Turns: 4143, Time: 00:07:26

Health: -7/52      AC:  2    Str: 11    XL:     7   Next: 86%
Magic:  0/13       EV: 14    Int: 16    God:    Kikubaaqudgha [**....]
Gold:   180        SH:  0    Dex: 16    Spells: 10/14 levels left

rFire    . . .     SeeInvis .   a - +2 hunting sling
rCold    + + .     Gourm    .   (no shield)
rNeg     + + +     Faith    .   k - +0 robe
rPois    ∞         Spirit   .   (no helmet)
rElec    .         Reflect  .   m - scarf {rC+ rF+}
rCorr    .         Harm     .   (no gloves)
MR       .....                  (no boots)
Stlth    ++........             (no amulet)
HPRegen  0.17/turn              e - +2 ring of slaying
MPRegen  0.13/turn              n - +3 ring of dexterity

@: no status effects
A: no food or potions, fire vulnerability, cold resistance 1, negative energy
resistance 3, torment resistance, unbreathing
a: Receive Corpses, Renounce Religion


You were on level 6 of the Dungeon.
You worshipped Kikubaaqudgha.
Kikubaaqudgha was pleased with you.
You were not hungry.

You visited 2 branches of the dungeon, and saw 7 of its levels.

You collected 180 gold pieces.

Inventory:

Hand Weapons
 a - a +2 hunting sling (weapon)
 b - a +2 dagger of draining
Missiles
 j - 182 stones (quivered)
Armour
 k - a +0 robe (worn)
 m - a scarf of resistance (worn)
 p - the cursed +0 robe of Wonder {rN+ Str+3, unknown}
   (You found it on level 6 of the Dungeon)

   It affects your strength (+3).
   It protects you from negative energy.
   It has a curse placed upon it.
Jewellery
 e - a +2 ring of slaying (left hand)
 n - a +3 ring of dexterity (right hand)
Wands
 i - a wand of enslavement (20)
 o - a wand of flame (23)
Scrolls
 c - 2 scrolls of teleportation {!r, unknown}
 f - a scroll of fog {!r}
 g - a scroll of fear {!r}
 h - 2 scrolls of blinking {!r}
 l - 3 scrolls of amnesia {!r, unknown}


   Skills:
 + Level 3.2 Fighting
 * Level 4.3 Dodging
 - Level 1.5 Stealth
 - Level 4.0 Spellcasting
 + Level 7.3 Necromancy


You had 10 spell levels left.
You knew the following spells:

 Your Spells              Type           Power        Failure   Level  Hunger
a - Pain                  Necr           ####         1%          1    N/A
d - Vampiric Draining     Necr           ####......   2%          3    N/A

Dungeon Overview and Level Annotations

Branches:
Dungeon (6/15)             Temple (1/1) D:4

Altars:
Ashenzari
Cheibriados
Dithmenos
Elyvilon
Fedhas
Gozag
Hepliaklqana
Kikubaaqudgha
Makhleb
Nemelex Xobeh
Okawaru
Qazlal
Ru
Sif Muna
Trog
Uskayaw
Vehumet
Wu Jian
Xom
Yredelemnul
Zin
The Shining One

Shops:
D:4 !   D:6 *

Annotations:
D:5 KlownO's ghost, amateur MfSk


Innate Abilities, Weirdness & Mutations

You do not eat or drink.
Your flesh is vulnerable to fire.
You are immune to poison.
Your flesh is cold resistant. (rC+)
You are immune to negative energy. (rN+++)
You are immune to unholy pain and torment.
You can survive without breathing.


Message History

A hobgoblin comes into view.
Firing (i - inventory)
j - 186 stones (quivered)
Press: ? - help, Shift-Dir - straight line, f - hobgoblin
Aim: a hobgoblin You shoot a stone.
The stone hits the hobgoblin.
The hobgoblin is moderately wounded.
Casting: Vampiric Draining (safe; 2% risk of failure)
Confirm with . or Enter, or press ? or * to list all spells.
Aiming: Vampiric Draining (safe; 2% risk of failure)
Press: ? - help, Shift-Dir - straight line, f/p - hobgoblin
Aim: a hobgoblin You kill the hobgoblin!
Kikubaaqudgha accepts your kill.
You feel life coursing into your body.
Firing (i - inventory)
j - 185 stones (quivered)
Press: ? - help, Shift-Dir - straight line, f - gnoll sergeant
Aim: a gnoll sergeant, wielding a trident of piercing, wearing a ring mail and wearing a runed buckler You shoot a stone.
The stone hits the gnoll sergeant but does no damage.
The gnoll sergeant closely misses you.
Firing (i - inventory)
j - 184 stones (quivered)
Press: ? - help, Shift-Dir - straight line, f/p - gnoll sergeant
Aim: a gnoll sergeant, wielding a trident of piercing, wearing a ring mail and wearing a runed buckler You shoot a stone.
The stone barely misses the gnoll sergeant.
The gnoll sergeant hits you from afar with a trident of piercing.
Firing (i - inventory)
j - 183 stones (quivered)
Press: ? - help, Shift-Dir - straight line, f/p - gnoll sergeant
Aim: a gnoll sergeant, wielding a trident of piercing, wearing a ring mail and wearing a runed buckler You shoot a stone.
The stone hits the gnoll sergeant.
The gnoll sergeant is lightly wounded.
The gnoll sergeant hits you from afar with a trident of piercing.
Casting: Vampiric Draining (safe; 2% risk of failure)
Confirm with . or Enter, or press ? or * to list all spells.
Aiming: Vampiric Draining (safe; 2% risk of failure)
Press: ? - help, Shift-Dir - straight line, f/p - gnoll sergeant
Aim: a gnoll sergeant, wielding a trident of piercing, wearing a ring mail and wearing a runed buckler (lightly wounded)
The gnoll sergeant is heavily wounded.
You feel life coursing into your body.
The gnoll sergeant completely misses you.
Casting: Vampiric Draining (safe; 2% risk of failure)
Confirm with . or Enter, or press ? or * to list all spells.
Aiming: Vampiric Draining (safe; 2% risk of failure)
Press: ? - help, Shift-Dir - straight line, f/p - gnoll sergeant
Aim: a gnoll sergeant, wielding a trident of piercing, wearing a ring mail and wearing a runed buckler (heavily wounded)
The gnoll sergeant is severely wounded.
You feel life coursing into your body.
The gnoll sergeant hits you with a trident of piercing!
* * * LOW HITPOINT WARNING * * *
x2
Casting: Vampiric Draining (safe; 2% risk of failure)
Confirm with . or Enter, or press ? or * to list all spells.
Aiming: Vampiric Draining (safe; 2% risk of failure)
Press: ? - help, Shift-Dir - straight line, f/p - gnoll sergeant
Aim: a gnoll sergeant, wielding a trident of piercing, wearing a ring mail and wearing a runed buckler (severely wounded)
The gnoll sergeant is almost dead.
You feel life coursing into your body.
The gnoll sergeant hits you with a trident of piercing!
* * * LOW HITPOINT WARNING * * *
x2
Casting: Vampiric Draining (safe; 2% risk of failure)
Confirm with . or Enter, or press ? or * to list all spells.
You don't have enough magic to cast that spell.
The gnoll sergeant hits you from afar with a trident of piercing!
You die...
Kikubaaqudgha rasps: "You have failed me!
Welcome... oblivion!"

##................#
##...............#
#................#
#.............g.###
#..................
#..............##(.
#...........######.
#..########## #.
#.@# #! #†.# #.
#.##g## #. #....##
#. #...##.g## #.
#### ##.(## ##
###.### # ##..## #
##..## #####


You could see a gnoll sergeant.

Vanquished Creatures
  An ogre (D:4)
  The ghost of zero the Covert, an amateur SpEn (D:3)
  A bullfrog (D:6)
  A gnoll sergeant (D:6)
  A bullfrog zombie (D:5)
  2 hounds (D:6)
  2 orc wizards (D:4)
  An orc priest (D:4)
  A gnoll shaman (D:4)
  Jessica (D:2)
  Ijyb (D:3)
  2 worker ants
  16 gnolls
  9 adders
  An adder zombie (D:6)
  3 worms
  A dart slug (D:1)
  4 leopard geckos
  3 orcs (D:4)
  9 bats
  A giant cockroach (D:2)
  10 goblins
  11 hobgoblins
  11 jackals
  8 kobolds
  3 quokkas
  3 frilled lizards
  6 rats
114 creatures vanquished.

Notes
Turn   | Place    | Note
-------+----------+-------------------------------------------
     0 | D:1      | Amnesiac the Mummy Necromancer began the quest for the Orb.
     0 | D:1      | Reached XP level 1. HP: 13/13 MP: 4/4
   192 | D:1      | Reached XP level 2. HP: 17/19 MP: 0/6
   571 | D:2      | Noticed Jessica
   577 | D:2      | Killed Jessica
   577 | D:2      | Reached XP level 3. HP: 24/24 MP: 0/8
   582 | D:2      | Learned a level 3 spell: Vampiric Draining
   821 | D:2      | Found a white marble altar of Elyvilon.
   828 | D:2      | Reached skill level 5 in Necromancy
   828 | D:2      | Reached XP level 4. HP: 20/30 MP: 2/10
  1121 | D:3      | Noticed zero's ghost (amateur SpEn)
  1257 | D:4      | Reached XP level 5. HP: 27/35 MP: 5/11
  1290 | D:5      | Entered Level 5 of the Dungeon
  1309 | D:4      | Found a staircase to the Ecumenical Temple.
  1315 | Temple   | Entered the Ecumenical Temple
  1383 | Temple   | Became a worshipper of Kikubaaqudgha
  1518 | D:3      | Killed zero's ghost
  1518 | D:3      | Reached skill level 6 in Necromancy
  2085 | D:2      | Reached * piety under Kikubaaqudgha
  2085 | D:2      | Identified Kikubaaqudgha's Collected Works on Evil (Kikubaaqudgha gifted it to you on level 2 of the Dungeon)
  2085 | D:2      | Received a gift from Kikubaaqudgha
  2244 | D:2      | Reached XP level 6. HP: 41/42 MP: 12/12
  2376 | D:3      | Found a stormy altar of Qazlal.
  2413 | D:3      | Reached skill level 1 in Fighting
  2864 | D:4      | Noticed Ijyb
  2881 | D:3      | Killed Ijyb
  3069 | D:4      | Found Tuzal's Distillery.
  3114 | D:4      | Reached XP level 7. HP: 25/50 MP: 6/13
  3533 | D:5      | Noticed KlownO's ghost (amateur MfSk)
  3544 | D:5      | Reached skill level 7 in Necromancy
  3639 | D:5      | Found a snail-covered altar of Cheibriados.
  3639 | D:5      | Found a burning altar of Makhleb.
  3744 | D:6      | Found Gamozyh's General Store.
  3832 | D:6      | Reached ** piety under Kikubaaqudgha
  3931 | D:6      | Got a fine robe
  4143 | D:6      | Mangled by a gnoll sergeant

Vault maps used:
D:1:      dpeg_arrival_windows_large_door, kennysheep_another_room
D:2:      lemuel_coloured_pillars_altar, kennysheep_potato, uniq_jessica
D:3:      grunt_qazlal_sundering
D:4:      temple_green, serial_shops, kennysheep_mini, first_ration, uniq_ijyb
D:5:      nicolae_overflow_hidden_temple
D:6:      serial_gnoll_camp, gnoll_camp_mini_hut, gnoll_camp_mini_doghouse,
          gnoll_camp_mini_hut, gnoll_camp_huts_moat, gnoll_camp_mini_loothouse,
          gnoll_camp_mini_shop, serial_shops, shop, nicolae_gozag_seed_capital
Temple:   compressed_dpeg_circular_temple

Skill      XL: |  1  2  3  4  5  6  7 |
---------------+----------------------+-----
Spellcasting   | 3 4 |  4.0
Necromancy     | 5 6 7 |  7.3
Dodging        | 2 3 4 |  4.3
Fighting       | 2 3 |  3.2
Stealth        | |  1.5

Action                   |  1- 3 |  4- 6 |  7- 9 || total
-------------------------+-------+-------+-------++-------
Melee: Unarmed           |     5 |       |       ||     5
       Dagger            |       |    19 |       ||    19
 Fire: Hunting sling     |       |   137 |    98 ||   235
 Cast: Pain              |    50 |    44 |       ||    94
       Vampiric Draining |       |    13 |    26 ||    39
  Use: Scroll            |       |     9 |       ||     9
Armor: Robe              |     5 |    16 |     5 ||    26
Dodge: Dodged            |    12 |    75 |    82 ||   169

Table legend:
 A = Spawn XP
 B = Non-spawn XP
 C = Spawn XP percentage of total XP
 D = Spawn monster count
 E = Non-spawn monster count
 F = Spawn count percentage of total count
 G = Total turns spent on level
                    A         B        C        D         E        F      G
               +---------+---------+-------+---------+---------+-------+---------
         Total |       0 |    1330 |   0.0 |       0 |     114 |   0.0 |  4143
               +---------+---------+-------+---------+---------+-------+---------
           D:1 |       0 |      49 |   0.0 |       0 |      20 |   0.0 |   937
           D:2 |       0 |     162 |   0.0 |       0 |      29 |   0.0 |   858
           D:3 |       0 |     200 |   0.0 |       0 |      23 |   0.0 |   769
           D:4 |       0 |     445 |   0.0 |       0 |      19 |   0.0 |   833
           D:5 |       0 |      55 |   0.0 |       0 |       5 |   0.0 |   151
           D:6 |       0 |     419 |   0.0 |       0 |      18 |   0.0 |   496
               +---------+---------+-------+---------+---------+-------+---------
